 Dungeon Crawl Stone Soup version 0.30-b1-2-g02819fbbbe (webtiles) character file.

Game seed: 9200837713393779644

2289 nightchill the Cleaver (level 9, -3/83 HPs)
             Began as a Hill Orc Fighter on Oct 5, 2023.
             Slain by an orc warrior
             ... wielding a +0 glaive
              (11 damage)
             ... in a bailey.
             The game lasted 00:11:31 (6511 turns).

nightchill the Cleaver (Hill Orc Fighter)           Turns: 6511, Time: 00:11:32

Health: -3/83      AC: 15    Str: 19    XL:     9   Next: 39%
Magic:  9/9        EV:  5    Int: 12    God:
Gold:   429        SH:  0    Dex: 10    Spells: 8/8 levels left

rFire   + . .        a - +0 war axe
rCold   . . .        v - orb {light}
rNeg    + . .        r - +2 plate armour {rF+}
rPois   .            q - +1 hat
rElec   .            (no cloak)
rCorr   .            (no gloves)
SInv    .            x - +0 pair of boots
Will    .....        (no amulet) Stlth
                     n - ring of positive energy
HPRegen 0.33/turn    (no ring)
MPRegen 0.11/turn

%: no passive effects
@: glowing
A: no striking features
a: no special abilities


You were in a bailey.
You visited 2 branches of the dungeon, and saw 8 of its levels.
You also visited: Bailey.

You collected 429 gold pieces.

Inventory:

Hand Weapons
 a - a +0 war axe (weapon)
 b - a +0 war axe
Armour
 c - a +0 buckler
 p - a +0 scale mail
 q - a +1 hat (worn)
 r - a +2 plate armour of fire resistance (worn)
 v - an orb of light (worn)
 x - a +0 pair of boots (worn)
 z - a +2 scale mail of poison resistance
Jewellery
 n - a ring of positive energy (left hand)
 G - a ring of see invisible
Wands
 e - a wand of mindburst (15)
 w - a wand of flame (37)
Scrolls
 h - 2 scrolls of silence {unknown}
 k - a scroll of fog
 m - a scroll of torment {unknown}
 t - a scroll of brand weapon {unknown}
 y - a scroll of vulnerability {unknown}
 A - 3 scrolls of amnesia {unknown}
 C - a scroll of teleportation {unknown}
 D - a scroll of enchant weapon {unknown}
 E - 2 scrolls of noise {unknown}
Potions
 d - 2 potions of might
 f - 2 potions of lignification
 j - a potion of berserk rage {unknown}
 l - 3 potions of magic
 o - 2 potions of haste
 s - a potion of attraction
 u - a potion of brilliance {unknown}
 B - a potion of mutation {unknown}
 F - a potion of ambrosia {unknown}


   Skills:
 + Level 9.2 Fighting
 * Level 13.1 Axes
 - Level 3.2 Armour
 - Level 3.2 Shields


You had 8 spell levels left.
You didn't know any spells.
Your spell library contained the following spells:

 Spells                   Type           Power      Damage    Failure   Level
 Beastly Appendage        Tmut           0%         N/A       100%        1
 Ensorcelled Hibernation  Hex/Ice        0%         N/A       100%        2
 Passwall                 Tmut/Erth      0%         N/A       100%        2
 Sublimation of Blood     Necr           0%         N/A       100%        2
 Wereblood                Tmut           0%         N/A       100%        2
 Spider Form              Tmut/Pois      0%         N/A       100%        3
 Swiftness                Air            0%         N/A       100%        3
 Petrify                  Tmut/Erth      0%         N/A       100%        4
 Irradiate                Conj/Tmut      0%         3d11      100%        5


Dungeon Overview and Level Annotations

Branches:
Dungeon (7/15)             Temple (1/1) D:5          Bailey (1/1)

Altars:
Cheibriados
Dithmenos
Elyvilon
Fedhas
Gozag
Kikubaaqudgha
Makhleb
Nemelex Xobeh
Okawaru
Qazlal
Ru
Sif Muna
Trog
Uskayaw
Vehumet
Wu Jian
Xom
Zin
The Shining One

Annotations:
D:4 exclusion: downstairs
D:5 1 runed translucent door, Crazy Yiuf


Message History

The orc warrior is lightly wounded.
You slash the orc warrior!
The orc warrior is heavily wounded.
The orc barely misses you.
The orc warrior hits you but does no damage.
The orc warrior barely misses you.
You hit the orc warrior but do no damage.
The orc warrior is heavily wounded.
The orc hits you but does no damage.
The orc warrior completely misses you. x2
You hit the orc warrior but do no damage.
The orc warrior is heavily wounded.
The orc hits you but does no damage.
The orc warrior hits you with a +0 glaive.
The orc warrior hits you from afar with a +0 glaive!
* * * LOW HITPOINT WARNING * * *
You slash the orc warrior!
The orc warrior is almost dead.
The orc hits you but does no damage.
The orc warrior hits you from afar with a +0 glaive!
* * * LOW HITPOINT WARNING * * *
You hit the orc warrior but do no damage.
The orc warrior is almost dead.
You hit the orc.
The orc hits you from afar with a +0 spear.
* * * LOW HITPOINT WARNING * * *
The orc warrior hits you with a +0 glaive.
* * * LOW HITPOINT WARNING * * *
The orc warrior hits you from afar with a +0 glaive.
* * * LOW HITPOINT WARNING * * *
The orc hits you with a +0 war axe.
* * * LOW HITPOINT WARNING * * *
Okay, then.
Okay, then.
You barely miss the orc warrior.
The orc warrior is almost dead.
You hit the orc but do no damage.
The orc hits you from afar with a +0 spear.
* * * LOW HITPOINT WARNING * * *
The orc warrior hits you with a +0 glaive!
You die...

############ ######
##.∩....))).## #.....#
#......#))...######...oo
#.....###)..@#)...#..##oo.
#∩.....8....oooo..'..8....
#.....###....#o...#..##..o
#......#.....######.....
##.∩........## #.....#
############ ######


You could see 2 orc warriors and 3 orcs.

Vanquished Creatures
  Sigmund (D:6)
  A steam dragon (D:6)
  An orc warrior (D:6)
  2 black bears (D:5)
  An ogre (D:3)
  2 centaurs (D:6)
  A phantom (D:6)
  2 scorpions
  A bullfrog (D:5)
  5 wights
  A howler monkey (D:6)
  3 hounds
  A gnoll bouda (D:7)
  6 orc priests
  Ijyb (D:4)
  2 iguanas
  7 orc wizards
  17 gnolls
  5 adders
  A river rat (D:4)
  A white imp (D:6)
  An ufetubus (D:6)
  3 worms
  4 dart slugs
  29 orcs
  3 ball pythons
  6 bats
  7 endoplasms
  2 giant cockroaches (D:1)
  2 goblins
  8 hobgoblins
  2 jackals (D:1)
  2 quokkas
  2 frilled lizards
  4 kobolds
  6 rats
143 creatures vanquished.

Vanquished Creatures (others)
  An orc wizard (D:3)
  3 plants (D:2)
4 creatures vanquished.

Grand Total: 147 creatures vanquished

Notes
Turn   | Place    | Note
-------+----------+-------------------------------------------
     0 | D:1      | nightchill the Hill Orc Fighter began the quest for the
                  | Orb.
     0 | D:1      | Reached XP level 1. HP: 19/19 MP: 1/1
   102 | D:1      | Reached skill level 3 in Axes
   224 | D:1      | Reached XP level 2. HP: 26/27 MP: 2/2
   518 | D:1      | Reached skill level 4 in Axes
   696 | D:2      | Reached XP level 3. HP: 33/33 MP: 3/3
  1186 | D:2      | Reached XP level 4. HP: 41/41 MP: 4/4
  1596 | D:3      | Reached skill level 5 in Axes
  1601 | D:3      | Reached XP level 5. HP: 41/47 MP: 5/5
  1620 | D:3      | Reached skill level 5 in Fighting
  1620 | D:3      | Reached skill level 6 in Axes
  1774 | D:3      | Reached XP level 6. HP: 40/56 MP: 6/6
  2097 | D:3      | Reached skill level 7 in Axes
  2350 | D:3      | Reached skill level 8 in Axes
  2350 | D:3      | Reached XP level 7. HP: 13/63 MP: 7/7
  3177 | D:4      | Noticed Ijyb
  3188 | D:4      | Killed Ijyb
  3483 | D:4      | Found a glowing drain.
  3537 | D:5      | Entered Level 5 of the Dungeon
  3547 | D:4      | Reached skill level 9 in Axes
  3832 | D:3      | Reached XP level 8. HP: 42/71 MP: 8/8
  4008 | D:4      | Reached skill level 10 in Axes
  4558 | D:5      | Found a staircase to the Ecumenical Temple.
  4573 | Temple   | Entered the Ecumenical Temple
  4977 | D:5      | Reached skill level 11 in Axes
  5106 | D:5      | Found a runed translucent door.
  5107 | D:5      | Noticed Crazy Yiuf
  5560 | D:6      | Reached skill level 12 in Axes
  5560 | D:6      | Reached XP level 9. HP: 78/82 MP: 9/9
  5572 | D:6      | Found a shimmering altar of Xom.
  5573 | D:6      | Found a shimmering altar of Xom.
  5574 | D:6      | Found a shimmering altar of Xom.
  5574 | D:6      | Found a shimmering altar of Xom.
  5578 | D:6      | Found a shimmering altar of Xom.
  5578 | D:6      | Found a shimmering altar of Xom.
  5617 | D:6      | Noticed Sigmund
  5621 | D:6      | Killed Sigmund
  5809 | D:6      | Found a white marble altar of Elyvilon.
  6139 | D:7      | Found a flagged portal.
  6158 | D:6      | Reached skill level 13 in Axes
  6345 | Bailey   | Entered a bailey
  6511 | Bailey   | Slain by an orc warrior

Illustrated notes

Levels and vault maps discovered:
D:1:      heliophobic_arrival_dark_side_of_the_moon, layout_rooms,
          bh_walls_and_bars
D:2:      layout_loops_ring, serial_forest, infiniplex_forest_lined_room_2,
          infiniplex_forest_lined_room_, infiniplex_forest_zigzag_1,
          infiniplex_forest_diagonal, infiniplex_forest_lined_corner,
          infiniplex_forest_clump_diagonal, infiniplex_forest_clump_tiny,
          infiniplex_forest_zigzag_2, infiniplex_forest_clump_double
D:3:      layout_basic, kennysheep_decorative_pillar, columned_hall_lemuel,
          minmay_unequal
D:4:      layout_cave_pools, portal_sewer_entry_b, uniq_ijyb
D:5:      layout_basic, minmay_temple_entry_mist, uniq_crazy_yiuf_cottage
D:6:      layout_basic, xom_redecorated, kennysheep_mini, uniq_sigmund
D:7:      layout_gridville, mainiacjoe_overflow_concentric_impassable,
          enter_bailey_2
Temple:   minmay_crystal_spiral_temple
Bailey:   bailey_polearm_5, bailey

Skill      XL: |  1  2  3  4  5  6  7  8  9 |
---------------+----------------------------+-----
Axes           | 3 4 5 6 8 9 12 13 | 13.1
Fighting       | 4 5 6 7 8 9 |  9.2
Armour         | |  3.2
Shields        | |  3.2

Action                     |  1- 3 |  4- 6 |  7- 9 || total
---------------------------+-------+-------+-------++-------
  Melee: War axe           |   107 |   111 |   243 ||   461
    Use: Scroll            |       |       |    10 ||    10
         Potion            |       |       |     5 ||     5
 Armour: Scale mail        |    43 |    29 |       ||    72
         Plate armour      |       |    14 |   220 ||   234
  Dodge: Dodged            |    59 |    39 |    85 ||   183
  Block: Buckler           |    20 |    20 |       ||    40
